 Dungeon Crawl Stone Soup version 0.21-a0-642-g5d013b2151 (webtiles) character file.

7 Manul the Ducker (level 1, -3/11 HPs)
             Began as a Spriggan Abyssal Knight on Dec 31, 2017.
             Was a Follower of Lugonu.
             Slain by an iron imp (6 damage)
             ... on level 1 of the Abyss.
             The game lasted 00:01:06 (200 turns).

Manul the Ducker (Spriggan Abyssal Knight)           Turns: 200, Time: 00:01:07

Health: -3/11      AC:  2    Str:  8    XL:     1   Next: 83%
Magic:  3/3        EV: 18    Int: 13    God:    Lugonu [*.....]
Gold:   12         SH:  0    Dex: 15    Spells: 0/0 levels left

rFire    . . .     SeeInvis +   a - +1 short sword
rCold    . . .     Gourm    .   (shield restricted)
rNeg     . . .     Faith    .   b - +0 robe
rPois    .         Spirit   .   (helmet restricted)
rElec    .         Reflect  .   (no cloak)
rCorr    .         Harm     .   (gloves unavailable)
MR       .....                  (boots unavailable)
Stlth    ++........             (no amulet)
HPRegen  0.03/turn              (no ring)
MPRegen  0.08/turn              (no ring)

@: very quick
A: very small, unfitting armour, see invisible, herbivore, speed 3, slow
metabolism 2
a: Depart the Abyss, Renounce Religion


You were on level 1 of the Abyss.
You worshipped Lugonu.
Lugonu was aware of your devotion.
You were not hungry.

You visited 0 branches of the dungeon, and saw 0 of its levels.
You visited the Abyss 1 time.

You collected 12 gold pieces.

Inventory:

Hand Weapons
 a - a +1 short sword (weapon)
Armour
 b - a +0 robe (worn)
Comestibles
 c - a ration


   Skills:
 + Level 2.7 Fighting
 - Level 2.1 Short Blades
 - Level 3.5 Dodging
 * Level 1.2 Stealth
 - Level 1.7 Invocations


You couldn't memorise any spells.
You didn't know any spells.

Dungeon Overview and Level Annotations

Branches:
Dungeon (0/15)

Altars:


Innate Abilities, Weirdness & Mutations

You are very small and have problems with some larger weapons.
You are too small for most types of armour.
You have supernaturally acute eyesight. (SInv)
You are a herbivore.
You cover ground extremely quickly.
You need consume almost no food.


Message History

The iron imp is lightly wounded.
The iron imp laughs crazily.
The iron imp misses you.
You hit the iron imp.
The iron imp is moderately wounded.
The iron imp hits you!
Ouch! That really hurt!
* * * LOW HITPOINT WARNING * * *
You are too injured to fight recklessly!
You are too injured to fight recklessly!
You hit the iron imp but do no damage.
The iron imp is moderately wounded.
The iron imp misses you.
You closely miss the iron imp.
The iron imp is moderately wounded.
You hit the iron imp but do no damage.
The iron imp is moderately wounded.
The iron imp hits you.
Ouch! That really hurt!
You die...

. ##. #.####
#.. .## #.
##..#5.# .
#..#@.#.# #
#. #.....#
#.#.##.###..#
. #...#.##
.#.#
##.......## #
# ....##..# #
.. #.#..##
..........#
...##..#..#


You could see an iron imp.

Vanquished Creatures
  A white imp (Abyss:1)
1 creature vanquished.

Notes
Turn   | Place    | Note
-------+----------+-------------------------------------------
     0 | Abyss:1  | Manul the Spriggan Abyssal Knight began the quest for the Orb.
     0 | Abyss:1  | Reached XP level 1. HP: 11/11 MP: 3/3
    19 | Abyss:1  | Found a corrupted altar of Lugonu.
    68 | Abyss:1  | Found a corrupted altar of Lugonu.
    75 | Abyss:1  | Noticed a starcursed mass
    80 | Abyss:1  | Found a corrupted altar of Lugonu.
   120 | Abyss:1  | Reached skill level 1 in Stealth
   130 | Abyss:1  | Noticed an ice beast
   157 | Abyss:1  | Noticed a raiju
   171 | Abyss:1  | Noticed an ice devil
   192 | Abyss:1  | Noticed an iron imp
   200 | Abyss:1  | Slain by an iron imp

Vault maps used:

Skill      XL: |  1 |
---------------+----+-----
Stealth        | 1 |  1.2
Fighting       | |  2.7
Short Blades   | |  2.1
Dodging        | |  3.5
Invocations    | |  1.7

Action                   || total
-------------------------++-------
Melee: Short sword       ||    12
  Use: Scroll            ||     2
Armor: Robe              ||     2
Dodge: Dodged            ||     6

Table legend:
 A = Spawn XP
 B = Non-spawn XP
 C = Spawn XP percentage of total XP
 D = Spawn monster count
 E = Non-spawn monster count
 F = Spawn count percentage of total count
 G = Total turns spent on level
                    A         B        C        D         E        F      G
               +---------+---------+-------+---------+---------+-------+---------
         Total |       0 |      10 |   0.0 |       0 |       1 |   0.0 |   200
               +---------+---------+-------+---------+---------+-------+---------
       Abyss:1 |       0 |      10 |   0.0 |       0 |       1 |   0.0 |   200
               +---------+---------+-------+---------+---------+-------+---------
